Map: Abiogênese LE

Players

cyberoach - Winner!

  • Race: Zerg Zerg
  • League: Platinum
  • Spawn Location: 11:00

IagoAbreu

  • Race: Zerg Zerg
  • League: Gold
  • Spawn Location: 5:00

VOD

Have the link to the VOD?

Description

Time

  • Played on: May 10, 2018, 1:21 p.m.
  • Length: 7:00
Show
View Real Time Build Order
Export as new Build Order

cyberoach Zerg - Winner!

Build Orders: Pool First 

Get SALT Encoding   

  12  0:03  Drone  
  13  0:13  Overlord  
  13  0:20  Drone  
  14  0:25  Drone, Extractor  
  15  0:34  Drone  
  16  0:44  Spawning Pool  
  15  0:50  Extractor  
  15  0:52  Drone  
  15  0:55  Drone  
  16  0:57  Drone  
  17  1:09  Drone  
  18  1:26  Hatchery  
  18  1:31  Drone  
  18  1:33  Drone  
  19  1:43  Queen  
  21  2:04  Zergling x2  
  22  2:28  Overlord  
  22  2:30  Overlord  
  22  2:39  Queen  
  22  2:41  Zergling x4  
  26  2:48  Hatchery  
  26  2:50  Spine Crawler  
  23  3:27  Zergling x2  
  23  3:28  Zergling x12  
  23  3:29  Zergling x4  
  23  3:31  Metabolic Boost  
  32  3:41  Zergling x2  
  32  3:42  Zergling x2  
  34  3:50  Overlord  
  34  4:11  Zergling x6  
  34  4:12  Zergling x2  
  34  4:14  Zergling x4  
  40  4:21  Lair  
  40  4:33  Zergling x8  
  44  4:59  Spine Crawler  
  43  5:01  Spine Crawler  
  40  5:16  Zergling x4  
  40  5:17  Zergling x10  
Show
View Real Time Build Order
Export as new Build Order

IagoAbreu Zerg 

Build Orders: Pool First 

Get SALT Encoding   

  12  0:02  Drone  
  13  0:08  Drone  
  14  0:14  Extractor  
  14  0:19  Overlord  
  13  0:24  Drone  
  14  0:39  Drone x2  
  16  0:53  Spawning Pool  
  16  0:54  Drone  
  16  1:01  Drone  
  17  1:09  Drone  
  18  1:12  Evolution Chamber  
  18  1:17  Drone  
  18  1:29  Drone  
  19  1:39  Zerg Melee Weapons Level 1  
  19  1:40  Queen  
  19  1:41  Drone  
  22  2:19  Hatchery  
  21  2:29  Metabolic Boost  
  21  2:33  Zergling x2  
  21  2:34  Overlord  
  21  2:35  Overlord  
  22  2:52  Queen  
  24  2:59  Zergling x8  
  24  3:00  Zergling x2  
  28  3:42  Drone  
  29  3:49  Zergling x10  
  29  3:50  Zergling x2  
  29  3:53  Zerg Ground Armor Level 1  
  30  4:29  Zergling x12  
  30  4:30  Overlord x3  
  33  4:59  Zergling x16  
  42  5:00  Zergling x4  
  14  5:24  Drone  
  14  5:25  Drone  
  6  5:53  Hatchery  
Tags
 
Add a new tag
Caveats
  • Supply blocks, unpowered buildings, or Contaminate may cause inaccurate times.
  • Supply counts are checked every 10 seconds.